AoeStats
← Cuba Calibre

African Clearing

510387214Analyzed
4v4 RM · 1d ago on Sep 30, 2026· 62m 56s· 8 players
Game mode
Random Map
Map size
Large (8 player)
Population
200
Speed
Normal
Resources
Standard
Victory
Conquest
Starting age
Dark Age
Ending age
Imperial Age
RankedLock teamsTeams togetherTeam positionsShared explorationLock speedFull tech treeHidden civsTurbo modeCheats
Victory
Defeat
🇷🇺 Japanese · Russia
1251
+15
🇷🇺 Franks · Russia
1224
+16
🇩🇪 Saxons · Germany
1222
+16
🇹🇷 Varangians · Türkiye
1213
+16
🇸🇪 Britons · Sweden
1312
-20
🇸🇪 Franks · Sweden
1230
-16
🇺🇸 Romans · United States
1187
-14
🇸🇪 Hindustanis · Sweden
1156
-13
kurinkito
4:28 Loom
12:26 Feudal Age
17:21 Double-Bit Axe
23:12 Wheelbarrow
22:20 Fishing Lines
23:25 Fletching
25:52 Forging
26:15 Town Watch
28:41 Stone Mining
31:17 Castle Age
32:30 Bodkin Arrow
36:44 Hand Cart
40:15 Gold Mining
40:21 Horse Collar
45:58 Stone Shaft Mining
45:39 Heavy Plow
47:03 Gillnets
47:27 Forging
49:41 Scale Mail Armor
50:18 Iron Casting
50:22 Squires
50:07 Gambesons
50:08 Arson
62:01 Imperial Age
62:08 Elite Varangian Guard
63:35 Conscription
63:37 Chain Mail Armor
GabbyMister
11:06 Loom
13:25 Feudal Age
16:57 Forging
21:10 Castle Age
19:28 Stone Mining
23:28 Wheelbarrow
23:51 Gold Mining
29:08 Hand Cart
33:50 Double-Bit Axe
36:50 Bow Saw
39:58 Iron Casting
39:29 Scale Barding Armor
41:37 Gold Shaft Mining
42:10 Chain Barding Armor
46:12 Imperial Age
45:24 Husbandry
46:51 Cavalier
48:34 Blast Furnace
48:10 Plate Barding Armor
48:17 Conscription
49:06 Paladin
55:28 Hoardings
MisterGabby
4:33 Loom
14:15 Feudal Age
18:13 Castle Age
16:03 Double-Bit Axe
17:10 Horse Collar
19:26 Fletching
21:29 Wheelbarrow
22:44 Heavy Plow
24:02 Bloodlines
25:24 Bodkin Arrow
27:31 Padded Archer Armor
29:00 Leather Archer Armor
28:47 Husbandry
32:02 Ballistics
32:06 Hand Cart
33:21 Thumb Ring
38:57 Imperial Age
37:39 Town Watch
38:05 Gold Mining
38:06 Stone Mining
38:38 Bow Saw
39:43 Gold Shaft Mining
40:13 Parthian Tactics
39:21 Heavy Cavalry Archer
40:11 Bracer
40:42 Ring Archer Armor
42:08 Chemistry
43:08 Kataparuto
44:28 Conscription
46:08 Hoardings
45:46 Treadmill Crane
46:03 Murder Holes
46:18 Masonry
47:58 Town Patrol
48:10 Siege Engineers
49:10 Elite Samurai
51:08 Two-Man Saw
51:00 Forging
50:50 Scale Mail Armor
53:46 Iron Casting
53:27 Chain Mail Armor
53:14 Squires
53:01 Gambesons
53:02 Arson
Cuba Calibre
14:02 Feudal Age
12:56 Loom
14:42 Feudal Age
15:47 Double-Bit Axe
18:41 Castle Age
17:14 Horse Collar
17:30 Gold Mining
20:45 Wheelbarrow
21:07 Town Watch
21:48 Bow Saw
24:10 Horse Collar
24:33 Scale Mail Armor
27:25 Chain Mail Armor
28:19 Forging
28:19 Squires
28:45 Hand Cart
29:35 Arson
29:42 Fletching
30:21 Bodkin Arrow
31:33 Iron Casting
35:32 Imperial Age
34:23 Ballistics
34:39 Heavy Plow
35:37 Gambesons
35:36 Elite Varangian Guard
36:47 Plate Mail Armor
36:41 Conscription
35:50 Shield Wall
38:07 Bracer
39:11 Chemistry
37:55 Treadmill Crane
39:35 Two-Man Saw
40:18 Gold Shaft Mining
40:27 Pikeman
41:26 Siege Engineers
41:10 Elite Hearth Troop
41:17 Halberdier
46:38 Masonry
46:55 Murder Holes
51:03 Architecture
53:15 Capped Ram
53:58 Stone Mining
54:39 Siege Ram
Bubble Formation
5:52 Loom
11:56 Feudal Age
12:40 Man-at-Arms
13:22 Double-Bit Axe
20:47 Horse Collar
28:01 Castle Age
28:24 Bloodlines
29:38 Forging
29:39 Scale Barding Armor
31:06 Iron Casting
32:57 Gold Mining
33:47 Chain Barding Armor
39:36 Wheelbarrow
39:56 Husbandry
41:52 Wheelbarrow
44:32 Hand Cart
46:30 Coinage
57:42 Imperial Age
56:17 Scale Mail Armor
56:10 Pikeman
57:50 Chain Mail Armor
58:44 Halberdier
J.D.Rehn
11:44 Loom
14:19 Feudal Age
15:22 Double-Bit Axe
17:17 Horse Collar
23:25 Castle Age
21:34 Stone Mining
22:41 Gold Mining
24:08 Wheelbarrow
23:51 Bloodlines
26:56 Forging
27:24 Bow Saw
32:25 Husbandry
33:06 Scale Barding Armor
35:37 Hand Cart
35:08 Town Watch
36:14 Chain Barding Armor
36:30 Iron Casting
40:38 Imperial Age
38:55 Stone Shaft Mining
38:58 Gold Shaft Mining
41:09 Iron Casting
40:35 Scale Mail Armor
40:42 Grand Trunk Road
40:47 Heavy Camel Rider
41:12 Light Cavalry
42:39 Imperial Camel Rider
43:28 Hussar
47:01 Conscription
47:16 Hoardings
49:12 Plate Barding Armor
48:56 Man-at-Arms
49:37 Squires
51:11 Blast Furnace
50:26 Chain Mail Armor
50:53 Long Swordsman
53:08 Two-Man Saw
51:36 Two-Handed Swordsman
52:35 Fletching
53:02 Champion
55:14 Bodkin Arrow
55:48 Arson
60:21 Pikeman
johansoderstrom1
4:02 Loom
14:01 Feudal Age
17:57 Castle Age
17:07 Double-Bit Axe
20:39 Bow Saw
25:53 Scale Barding Armor
26:18 Fletching
26:40 Husbandry
30:37 Wheelbarrow
31:41 Chain Barding Armor
33:41 Forging
38:07 Imperial Age
39:43 Iron Casting
39:44 Plate Barding Armor
38:33 Cavalier
41:37 Blast Furnace
40:00 Paladin
40:58 Gold Mining
43:26 Gold Shaft Mining
61:11 Light Cavalry
Peppe L-G
7:27 Loom
12:23 Feudal Age
13:25 Double-Bit Axe
18:14 Fletching
22:28 Padded Archer Armor
28:09 Castle Age
27:25 Gold Mining
27:26 Stone Mining
28:47 Bodkin Arrow
28:20 Crossbowman
30:45 Leather Archer Armor
35:33 Gold Shaft Mining
37:44 Ballistics
46:41 Bow Saw
48:14 Wheelbarrow
47:26 Town Watch
53:14 Hand Cart
53:15 Elite Skirmisher
60:55 Imperial Age
62:23 Ring Archer Armor
Connection lost

Rejoining the realm…

Still unreachable

The connection could not be restored.

Session expired

The server has moved on; the page needs a fresh start.